Cogmind - Beta 16 @@@ ROGUE MODE // 2026.01.17 @ 12:12:30 Player: leto Result: Destroyed by D-53 Grenadier with Mini Grenade Launcher Performance ------------- Evolutions (0) 0 Regions Visited (2) 400 Robots Destroyed (19) 95 Value Destroyed (454) 454 Prototype IDs (1) 20 Alien Tech Used (0) 0 Bonus (0) 0 TOTAL SCORE: 969 Bonus ------- None Cogmind --------- Core Integrity 0/250 Matter 244/300 Energy 100/100 System Corruption 9% Temperature Cool (58) Movement Rolling (95) Ox1 Location -10/Mines Parts ------- > --- POWER (1) -------- (None) > --- PROPULSION (2) --- Wheel > --- UTILITY (2) ------ Medium Storage Unit > --- WEAPON (2) ------- Rocket Launcher > --- INVENTORY (10) --- Hacking Suite Improved EM Shotgun Improved EM Shotgun Rocket Launcher Rocket Launcher Rocket Launcher Datajack Mining Laser Peak State ------------ > --- POWER ------------ Ion Engine > --- PROPULSION ------- Aluminum Leg Wheel > --- UTILITY ---------- Improved Heat Sink Medium Storage Unit > --- WEAPON ----------- Improved EM Shotgun Improved EM Shotgun > --- INVENTORY -------- Hacking Suite Improved EM Shotgun Improved EM Shotgun Rocket Launcher Rocket Launcher Rocket Launcher Rocket Launcher Datajack [Rating: 14] Favorites ----------- Power Ion Engine Engine Ion Engine Power Core Light Nuclear Core Propulsion Light Treads Treads Light Treads Leg Aluminum Leg Wheel Wheel Utility Small Storage Unit Device Improved Heat Sink Storage Small Storage Unit Processor Visual Processing Unit Weapon Light Assault Rifle Energy Gun Medium Laser Ballistic Gun Light Assault Rifle Launcher Rocket Launcher Special Weapon Mining Laser Special Melee Weapon Datajack Build | -11 -10 -10 ------- Run | Yrd Mat Min Slots Evolved . | . . . Power . | . . . Propulsion . | . . . Utility . | . . . Weapon . | . . . Parts Attached 23 | 6 15 2 Power 4 | 1 3 . Engine 3 | 1 2 . Core 1 | . 1 . Reactor . | . . . Propulsion 5 | 1 4 . Treads 2 | 1 1 . Leg 1 | . 1 . Wheel 2 | . 2 . Hover . | . . . Flight . | . . . Utility 4 | 1 3 . Device 1 | . 1 . Storage 2 | 1 1 . Processor 1 | . 1 . Hackware . | . . . Protection . | . . . Artifact . | . . . Weapon 10 | 3 5 2 Energy Gun 5 | 1 4 . Energy Cannon . | . . . Ballistic Gun 2 | 2 . . Ballistic Cannon . | . . . Launcher 1 | . . 1 Special Weapon 1 | . . 1 Impact Weapon . | . . . Slashing Weapon . | . . . Piercing Weapon . | . . . Special Melee Weapon 1 | . 1 . Unidentified Prototypes 1 | . 1 . Parts Lost 9 | . 5 4 Power 3 | . 2 1 Propulsion 3 | . 2 1 Utility 1 | . . 1 Weapon 2 | . 1 1 Highest Loss Streak 4 | . 3 4 To Critical Strikes . | . . . Average Backups 7 | 3 7 8 Power 1 | . 1 . Propulsion 1 | 2 2 . Utility . | . . 1 Weapon 2 | . 2 6 Tool/Special . | . . . Unused Backups 7 | . 2 5 Power 1 | . 1 . Propulsion . | . . . Utility 1 | . . 1 Weapon 5 | . 1 4 Tool/Special . | . . . Average Slot Usage (%) 89 | . 87 100 Engine 7 | . 7 14 Core 4 | . 4 . Treads 12 | . 13 . Leg 3 | . 4 . Wheel 4 | . . 28 Device 6 | . 5 14 Storage 14 | . 14 14 Processor 7 | . 8 . Energy Gun 10 | . 8 25 Ballistic Gun 16 | . 18 . Peak Build Rating 14 | 5 14 14 Average Rating 9 | 3 8 13 On Entrance 6 | . 5 14 Avg Prop Armor Cover (%) . | . . . Naked Turns . | . . . Heaviest Build 22 | 13 22 22 Greatest Support 40 | 20 40 26 Greatest Overweight (x) 4 | . 4 . Average Overweight (x) . | . . . Largest Inventory Capacity 10 | 8 10 10 Average Capacity 8 | 6 8 10 Most Carried 10 | 5 10 8 Average Carried 7 | 3 7 8 Final Capacity 10 | 8 10 10 Final Carried 8 | 5 8 8 Class Distribution -------------------- 93% | Mutant 6% | Scavenger-Mutant Dominant Class ---------------- Mutant | -10/Materials Mutant | -10/Mines Resources | -11 -10 -10 ----------- Run | Yrd Mat Min Matter Collected 558 | 71 487 . Remotely . | . . . Salvage Created 548 | . 534 14 Parts 42 | . 38 4 Haulers Intercepted 1 | . 1 . Recyclers Shooed . | . . . Parts Field Recycled . | . . . Retrieved Matter . | . . . Parts Self-Destructed . | . . . Prevented . | . . . Parts Restored . | . . . Kills | -11 -10 -10 ------- Run | Yrd Mat Min Combat Hostiles Destroyed 14 | . 14 . Guns 14 | . 14 . Classes Destroyed 5 | . 5 . Tunneler 2 | . 1 1 Hauler 1 | . 1 . Operator 2 | . 2 . Swarmer 4 | . 4 . Grunt 10 | . 10 . Best Kill Streak 4 | . 4 1 Combat Bots Only 4 | . 4 . Max Kills in Single Turn 1 | . 1 1 Gunslinging . | . . . Exploded . | . . . Melee . | . . . Uniques/NPCs Destroyed . | . . . Combat | -11 -10 -10 -------- Run | Yrd Mat Min Hostile Shots Fired 109 | . 103 6 Missed 24 | . 23 1 Hits 85 | . 80 5 Projectile 85 | . 80 5 AOE 6 | . . 6 Critical Strikes 2 | . 2 . Damage Taken 1335 | . 889 446 Core 259 | . 188 71 Absorbed by Shields . | . . . Core Remaining (%) 100 | 100 . . Volleys Fired 83 | . 75 8 Largest 2 | . 2 1 Hottest 100 | . 100 100 Shots Fired 149 | . 141 8 Gun 141 | . 141 . Cannon . | . . . Launcher 2 | . . 2 Special 6 | . . 6 Kinetic 104 | . 104 . Thermal 43 | . 37 6 Explosive 2 | . . 2 Electromagnetic . | . . . Robot Hit Streak 11 | . 11 3 Robot Miss Streak 5 | . 5 . Penetration Max . | . . . Secondary Targets 2 | . 2 . Max Gunslinging Chain 1 | . 1 . Shots Hit Robots 85 | . 83 2 Core Hits 41 | . 34 7 Critical Kills . | . . . Critical Parts Destroyed . | . . . Critical Strikes 2 | . 2 . Burn 2 | . 2 . Melee Attacks . | . . . Impact . | . . . Slashing . | . . . Piercing . | . . . Sneak Attacks . | . . . Combat Hostiles . | . . . Follow-up Attacks . | . . . Damage Inflicted 1010 | . 899 111 Guns 886 | . 886 . Cannons . | . . . Explosions 82 | . . 82 Melee . | . . . Ramming 42 | . 13 29 Kinetic 626 | . 626 . Thermal 260 | . 260 . Explosive 82 | . . 82 Electromagnetic . | . . . Impact . | . . . Slashing . | . . . Piercing . | . . . Highest Corruption 1 | . 1 1 Average Corruption 1 | . 1 1 Corruption Purged . | . . . Corruption Blocked . | . . . Effects 12 | . 11 1 Message Errors 1 | . 1 . Matter Fused 2 | . 2 . Heat Flow Errors 2 | . 1 1 Data Loss (minor) 4 | . 4 . Data Loss (major) 1 | . 1 . Misfires 1 | . 1 . Alerts 1 | . 1 . Overload Shots . | . . . Overflow Damage . | . . . Projectiles . | . . . Explosions . | . . . Melee . | . . . Knockbacks . | . . . Impact . | . . . Kinetic . | . . . Secondary . | . . . Self-Inflicted Damage 14 | . . 14 Shots . | . . . Rammed 3 | . 1 2 Targets Rammed 4 | . 2 2 Kicked 1 | . 1 . Crushed . | . . . Highest Temperature 385 | . 385 94 Average Temperature 106 | . 106 76 Received Heat Transfer 462 | . 462 . Effects 3 | . 3 . Interference 3 | . 3 . Siege Activations . | . . . Martial Activations . | . . . Shielding Activations . | . . . Robots Disrupted . | . . . Combat Hostiles . | . . . Robots Corrupted . | . . . Combat Hostiles . | . . . Parts Fried . | . . . Impact Corruptions . | . . . Robots Melted . | . . . Combat Hostiles . | . . . Parts Melted 1 | . 1 . Heat Transferred 925 | . 925 . Parts Sabotaged . | . . . Parts Stolen . | . . . Parts Stripped . | . . . Power Chain Reactions . | . . . Alert | -11 -10 -10 ------- Run | Yrd Mat Min Maximum Alert Level . | . . . Low Security (%) 100 | 100 100 100 Level 1 . | . . . Level 2 . | . . . Level 3 . | . . . Level 4 . | . . . Level 5 . | . . . High Security . | . . . Max Security . | . . . Peak Influence 100 | . 100 31 Initial . | . . . Average 32 | . 37 6 Influence Increases 466 | . 421 45 Destroy 0b10 Robot/C 280 | . 280 . Destroy 0b10 Robot/NC 25 | . 20 5 Destroy Leader 62 | . 62 . Successful Hack 14 | . 14 . Destroy Structure 10 | . . 10 Lose Combat Pursuer 75 | . 45 30 Influence Decreases 463 | . 421 42 Time Decay 422 | . 392 30 Lost Part 41 | . 29 12 Squads Dispatched 3 | . 3 . Investigation 1 | . 1 . Extermination . | . . . Reinforcement 2 | . 2 . Assault . | . . . Garrison . | . . . Intercept . | . . . Searches Triggered . | . . . Construction Impeded . | . . . Haulers Reinforced . | . . . Active Scanning Responses . | . . . Cargo Convoy Interrupts . | . . . Stealth | -11 -10 -10 --------- Run | Yrd Mat Min Distress Signals 4 | . 2 2 Communications Jammed . | . . . Distress Signals . | . . . Times Spotted 37 | . 33 4 Peak Tracking Total 5 | . 5 2 Tactical Retreats 3 | . 2 1 Traps | -11 -10 -10 ------- Run | Yrd Mat Min Traps Triggered 2 | . 2 . Indirectly . | . . . Trap Hack Attempts . | . . . Triggered . | . . . Disarmed . | . . . Reprogrammed . | . . . Reused . | . . . Traps Extracted . | . . . Installed . | . . . Triggered . | . . . Machines | -11 -10 -10 ---------- Run | Yrd Mat Min Machines Disabled . | . . . Max in Single Turn . | . . . Machines Repaired . | . . . Machines Dismantled . | . . . Machines Sabotaged . | . . . Overloaded Fab Kills . | . . . Hacking | -11 -10 -10 --------- Run | Yrd Mat Min Machines Accessed 2 | . 2 . Terminals 2 | . 2 . Fabricators . | . . . Repair Stations . | . . . Recycling Units . | . . . Scanalyzers . | . . . Garrison Access . | . . . Total Hacks 6 | . 6 . Successful 4 | . 4 . Failed 2 | . 2 . Catastrophic . | . . . Database Lockouts . | . . . Manual 3 | . 3 . Terminals 6 | . 6 . Fabricators . | . . . Repair Stations . | . . . Recycling Units . | . . . Scanalyzers . | . . . Garrison Access . | . . . Terminal Hacks 1 | . 1 . Locate Traps 1 | . 1 . Fabricator Hacks . | . . . Repair Station Hacks . | . . . Recycling Unit Hacks . | . . . Scanalyzer . | . . . Garrison Access Hacks . | . . . Unauthorized Hacks 3 | . 3 . Terminals 3 | . 3 . Botnet 2 | . 2 . Operators 1 | . 1 . Fabricators . | . . . Repair Stations . | . . . Recycling Units . | . . . Scanalyzers . | . . . Garrison Access . | . . . Data Cores Recovered . | . . . Used . | . . . Hacking Detections 2 | . 2 . Full Trace Events . | . . . Feedback Events . | . . . Feedback Blocked . | . . . Robot Schematics Acquired . | . . . Robots Built . | . . . Authchips . | . . . Time . | . . . Total Robot Build Rating . | . . . Part Schematics Acquired . | . . . Parts Built . | . . . Authchips . | . . . Time . | . . . Total Part Build Rating . | . . . Part Studies Acquired . | . . . Parts Repaired . | . . . Time . | . . . Parts Recycled . | . . . Recycled Matter . | . . . Retrieved Matter . | . . . Retrieved Components . | . . . Parts Scanalyzed . | . . . Part Schematics Acquired . | . . . Parts Damaged . | . . . Bothacking | -11 -10 -10 ------------ Run | Yrd Mat Min Used RIF Installer . | . . . Robots Hacked . | . . . Non-combat . | . . . Combat . | . . . Robot Hacks Applied . | . . . Relay Couplers Released . | . . . Fabnet Peak Effective % . | . . . Robots Rewired . | . . . Allies Hacked . | . . . Hacks Repelled . | . . . Allies | -11 -10 -10 -------- Run | Yrd Mat Min Total Allies . | . . . Largest Group . | . . . Highest-Rated Group . | . . . Highest-Rated Ally . | . . . Total Orders . | . . . Ally Attacks . | . . . Total Damage . | . . . Kills . | . . . Allies Corrupted . | . . . Allies Melted . | . . . Intel | -11 -10 -10 ------- Run | Yrd Mat Min Active Infowar (turns) 790 | . 790 . Optics 790 | . 790 . Robot Analysis Total . | . . . Derelict Logs Recovered . | . . . Drone Launches . | . . . Drone Recoveries . | . . . Exploration | -11 -10 -10 ------------- Run | Yrd Mat Min Turns Passed 1536 | 59 1308 169 Spaces Moved 662 | 32 506 124 Core 17 | 5 12 . Treads 309 | 27 282 . Legs 167 | . 167 . Wheels 169 | . 45 124 Hover . | . . . Flight . | . . . Fastest Speed 50 | 50 90 90 Average Speed 150 | 142 165 90 Slowest Speed 250 | 160 250 90 Overloaded Moves . | . . . Propulsion Burnouts . | . . . Robots Hopped . | . . . Potential Cave-ins 2 | . . 2 Cave-ins Triggered 1 | . . 1 Exploration Rate (%) 36 | 5 75 30 Regions Visited 2 Branch Regions 1 Pre-discovered Areas . | . . . Known Exits Taken . | . . . Unknown Exits Taken 2 | 1 1 . Scrap Searched . | . . . Spaces Dug 6 | . . 6 Terrain Destroyed 14 | . . 14 Melee . | . . . Projectile 6 | . . 6 AOE 8 | . . 8 Terrain Rammed . | . . . Walls Destroyed . | . . . Machines Disabled . | . . . Actions | -11 -10 -10 --------- Run | Yrd Mat Min Total 1046 | 42 843 161 Wait 251 | . 227 24 Move 660 | 31 505 124 Hop . | . . . Pick Up 17 | 5 12 . Fast Attach 8 | 5 3 . Attach 5 | . 5 . Detach . | . . . Swap 11 | 1 7 3 Drop 7 | . 7 . Fire 83 | . 75 8 Melee . | . . . Ram 2 | . . 2 Kick 1 | . 1 . Crush 1 | . 1 . Escape Stasis . | . . . Rewire . | . . . Trap . | . . . Miscellaneous . | . . . Route ------- -11/Scrapyard -10/Materials (discovered 3 exits: [*Min x2] / [*Sub]) -10/Mines History --------- Turn | Location | Event 19 | -11/Scrapyard | Discovered new exit (range 16) 60 | -11/Scrapyard | Entered Materials 317 | -10/Materials | Build established: Mutant 350 | -10/Materials | Discovered new exit (range 16) 761 | -10/Materials | Discovered new exit (range 17) 831 | -10/Materials | Core integrity fell below 50% 840 | -10/Materials | Lost 3 parts (1p1n1w) 1164 | -10/Materials | Discovered new exit (range 13) 1368 | -10/Materials | Entered Mines 1389 | -10/Mines | Assembled infested the area 1533 | -10/Mines | Core integrity fell below 20% 1537 | -10/Mines | Crushed by falling debris 1537 | -10/Mines | Destroyed by D-53 Grenadier with Mini Grenade Launcher Last Messages --------------- Something is scanning the area. ALERT: Infestation in the mines, dispatching Demolisher response squad. Slammed into T-07 Excavator. K-01 Serf collects debris. C-45 Heavy ARC bursts open, deploying its payload. D-53 Grenadier unfolds itself. K-01 Serf collects debris. Com. Wheel destroyed. System corrupted: Heat flow error (+128). T-07 Excavator destroyed. The unstable cave ceiling collapses. Crushed by falling debris. Imp. EM Shotgun destroyed. System corrupted by crushing effect (+2). Imp. Heat Sink destroyed. System corrupted by crushing effect (+3). Ion Engine destroyed. System corrupted by crushing effect (+3). Map ----- +----------------------------------------------------+ | ??????????????????????????????? | | ??????????????????????????????? | | ??????????????????????????????? | | ??????????????????????????????? | | ??????????????????????????????? | | ??????????????????????????????? | | ??????????????????????????????? | | ??????????????????????????????? | | ??????????????????????????????? | | ??????????????????????????????? | | ?????????????????????####?????? | | ????????????????????## ##????? | | ??????????????####### #????? | | ?????????????## #????? | | ?????????????# #????? | | ?????????????# #????? | | ?????????????# #?????? | | ????????????## ##?????? | | ?????"??????# #"#?????? | | ????? ??????# ##?????? | | ????? ??????# #####??? | | ????? ??????# dd # ###? | | ????? ??????# ## | | ????? ??????## # | | ????# #??????## # | | ????# #???????## @ #? | | ????# #?????#### # # | | ????# #????## ### ##? | | ????# #????# #?# #?? | | ###?# #????# ### # #?? | | ### ###### ### # ##?? | | #?######??? | | #####?????????? | | ### ## ##?????????????? | | #?# ### #######?????###?? | | #?# #?####### ###### ##? | | #?# ######## ## #? | | #?# #? | | ########### #?? | | #?????????# #??? | | #?????????# #??? | | #?????????# ##??? | | #?????????# ###???? | | ##?????????## ##?????? | | # ##???????????## ##??????? | | ####?????????????## ##???????? | | ??????????????????####????????? | | ??????????????????????????????? | | ??????????????????????????????? | | ??????????????????????????????? | +----------------------------------------------------+ Best States ------------- Heat Dissipation 39 Energy Generation 14 Energy Capacity 250 Matter Stores 300 Matter Capacity 300 Sight Range 18 Terrain Scan Density 10 Evasion (%) 42 Recoil Reduction 2 Item Schematics ----------------- None Robot Schematics ------------------ None Fabricated ------------ Nothing Repaired ---------- Nothing Studied --------- None Alien Tech Used ----------------- None Achievements -------------- None Challenges ------------ None Game ------ Seed NavigationMiniNanosword Manual? 0 Play Time 00:09:14 Cumulative 24.4 hours Start 2026.01.17 @ 11:59:39 End 2026.01.17 @ 12:12:30 Sessions 1 Manual Loads 0 Difficulty Rogue Special Mode None Game No. 29 Rogue 29 Adventurer 0 Explorer 0 Win Type - Total 0 Types 0/0/0/0/0/0/0/0/0/0 Lore% 14 Gallery% 29 Achievement% 30 Wizard Run 0 Options --------- Layout 1 ASCII 0 Keyboard 1 Movement Vi Keybinds 0 Fullscreen 1 Font 24/Smallcaps Map View 50x35 Zoom Use 0% Tactical HUD 0 Map Filters NONE Filters NONE Steam 1 RUN: d3f2e378-8c1d-42fb-bbc8-6e4e2a6a444a